 Dungeon Crawl Stone Soup version 0.19.0-19-g8c6edcc (webtiles) character file.

33614 leglesslizard the Blocker (level 13, -1/118 HPs)
             Began as a Deep Dwarf Berserker on Nov 14, 2016.
             Was a Believer of Trog.
             Slain by an azure jelly (15 damage)
             ... on level 5 of the Lair of Beasts.
             The game lasted 01:28:35 (12860 turns).

leglesslizard the Blocker (Deep Dwarf Berserker)   Turns: 12860, Time: 01:28:36

Health: -1/118     AC: 23    Str: 26    XL:     13   Next: 37%
Magic:  13/13      EV:  9    Int:  7    God:    Trog [**....]
Gold:   945        SH: 13    Dex: 13    Spells: 0 memorised, 12 levels left

rFire  . . .     SeeInvis .     k - +3 mace (drain)
rCold  . . .     Gourm    .     P - +0 plate armour
rNeg   + . .     Faith    .     B - +0 shield
rPois  .         Spirit   .     H - +0 helmet
rElec  .         Reflect  .     e - +2 cloak
rCorr  .         Harm     .     N - +0 pair of gloves
MR     +....                    S - +0 pair of boots
Stlth  ..........               (no amulet)
                                j - ring of positive energy
                                v - +5 ring of slaying

@: exhausted, about to teleport, non-regenerating, slowed, very slow
A: damage resistance, recharge devices, sense surroundings 2, slow regeneration
3
a: Device Recharging, Berserk, Trog's Hand, Burn Spellbooks, Renounce Religion


You were on level 5 of the Lair of Beasts.
You worshipped Trog.
Trog was pleased with you.
You were not hungry.

You visited 3 branches of the dungeon, and saw 16 of its levels.
You also visited: Sewer.

You collected 945 gold pieces.

Inventory:

Hand Weapons
 k - a +3 mace of draining (weapon)
 o - a +0 demon blade
 q - a +1 longbow of flaming
Missiles
 G - 2 steel tomahawks (quivered)
 J - a silver javelin
Armour
 e - a +2 cloak (worn)
 B - a +0 shield (worn)
 H - a +0 helmet (worn)
 N - a +0 pair of gloves (worn)
 P - a +0 plate armour (worn)
 S - a +0 pair of boots (worn)
Jewellery
 j - a ring of positive energy (right hand)
 v - a +5 ring of slaying (left hand)
 y - an uncursed ring of protection from magic
 A - an uncursed ring of protection from fire
 E - an uncursed ring of resist corrosion
Wands
 c - a wand of heal wounds (1/9)
 f - a wand of teleportation (4/9)
 t - a wand of paralysis (14/24)
 w - a wand of iceblast (0/15)
 D - a wand of lightning (6/15)
 L - a wand of random effects (35/48)
 X - a wand of flame (20/48)
Scrolls
 a - 2 scrolls of amnesia
 d - a scroll of torment {unknown}
 g - 2 scrolls of fog
 h - 9 scrolls of identify
 r - a scroll of immolation {unknown}
 u - 4 scrolls of teleportation
 x - 2 scrolls of enchant weapon
 z - a scroll of recharging
 C - 3 scrolls of fear
 K - 5 scrolls of remove curse
Potions
 b - 2 potions of haste {unknown}
 i - 5 potions of flight {unknown}
 l - 5 potions of degeneration {unknown}
 m - 7 potions of curing {unknown}
 n - 3 potions of agility {unknown}
 p - 4 potions of lignification {unknown}
 s - a potion of ambrosia {unknown}
 F - a potion of invisibility {unknown}
 I - a potion of mutation {unknown}
 V - 3 potions of brilliance {unknown}
 W - a potion of cancellation {unknown}
Miscellaneous
 R - a disc of storms
Comestibles
 Q - 5 slices of pizza


   Skills:
 + Level 8.7 Fighting
   Level 4.8(5.8) Short Blades
 + Level 5.3(6.3) Long Blades
 + Level 11.3 Maces & Flails
 + Level 4.2 Throwing
 + Level 11.0 Armour
 + Level 5.0 Dodging
 + Level 2.7 Stealth
 + Level 12.2 Shields
 + Level 4.2 Evocations


You had 12 spell levels left.
You didn't know any spells.

Dungeon Overview and Level Annotations

Branches:
Dungeon (10/15)            Temple (0/1) D:5            Lair (5/6) D:10
 Shoals (0/4) Lair:3       Spider (0/4) Lair:2        Slime (1/5) Lair:5
    Orc: D:9-12

Altars:
Elyvilon
Fedhas
Kikubaaqudgha
Makhleb
Nemelex Xobeh
Okawaru
Qazlal
Ru
Uskayaw
Xom
Zin
The Shining One
Jiyva

Shops:
D:9 [

Annotations:
D:9 exclusions: ice statue and orange crystal statue
Lair:3 exclusion: oklob plant


Innate Abilities, Weirdness & Mutations

You are resistant to damage.
You can recharge devices by infusing magical energy.
You passively map the area around you.
You do not regenerate.


Message History

The slime creature hits you!
You bludgeon the slime creature!!
You feel the power of Trog in you as your rage grows.
You kill the slime creature!
Trog accepts your kill.
The azure jelly hits you but does no damage.
The azure jelly hits you. The azure jelly freezes you!!!
* * * LOW HITPOINT WARNING * * *
You block the azure jelly's attack. x2; The slime creature hits you!
* * * LOW HITPOINT WARNING * * *
You are too berserk!
Your shield and plate armour prevent you from hitting the slime creature.
You feel a strong urge to attack something.
You feel your anger subside.
You are no longer berserk.
You are exhausted.
You feel yourself slow down.
As you read the scroll of teleportation, it crumbles to dust.
You feel strangely unstable. The azure jelly hits you.
The azure jelly freezes you!
You die...

# #...# ##.#####....PPP..
#####..## #P...#......P≈P..
..#.P.P# ###...........P≈P.<
......#########...........#.PPP..
P......##.##.##.......P.#........
..........................P#.....
..........................<......
...................._............
................@JJ.>............
........................P.....PP.
................................P
.........................#.......
...............................^.
.......................P.........
./...............................
.................>.......P.......
............>....................


You could see an azure jelly and a slime creature.

Vanquished Creatures
  Nessos (Lair:5)
  A hydra (Lair:3)
  2 death yaks (Lair:5)
  The ghost of McCoppin the Fighter, a novice OpNe of Kikubaaqudgha (D:9)
  Pikel (D:6)
  4 lindwurms (D:9)
  A deep elf mage (D:9)
  15 elephants
  An ugly thing (D:9)
  A siren (Lair:3)
  Joseph (D:8)
  3 black mambas
  10 spiny frogs
  4 komodo dragons
  2 rime drakes
  2 jumping spiders (Lair:2)
  A troll (D:10)
  A polar bear (Lair:3)
  4 blink frogs (Lair:2)
  A slime creature (Lair:5)
  2 hornets
  Sigmund (D:5)
  6 dream sheep
  4 hippogriffs
  A wraith (D:10)
  A wyvern (Lair:5)
  19 yaks
  A redback (Lair:2)
  A spriggan (D:10)
  2 steam dragons
  A hungry ghost (D:7)
  A basilisk (Lair:1)
  3 wargs (D:10)
  4 water moccasins
  2 porcupines (Lair:1)
  4 slaves (D:6)
  Purgy (Sewer)
  2 ice beasts (D:8)
  An orc warrior (D:9)
  2 sky beasts
  2 phantoms
  5 ogres
  The ghost of Leybi the Magician, an amateur MfSk (D:3)
  A centaur (D:10)
  17 wolves
  15 crocodiles
  2 big kobolds
  16 bullfrogs
  A scorpion (D:5)
  4 killer bees (D:10)
  3 howler monkeys (D:9)
  2 electric eels (Lair:1)
  3 crimson imps (D:5)
  4 bullfrog skeletons
  A centaur skeleton (D:7)
  5 hounds
  4 jellies
  Crazy Yiuf (D:7)
  8 orc priests
  2 bullfrog zombies
  10 orc wizards
  2 iguanas
  Terence (D:3)
  11 worker ants
  A killer bee zombie (D:7)
  A hound skeleton (D:7)
  A hound zombie (D:6)
  2 worker ant zombies
  3 gnolls (D:4)
  7 adders
  4 shadow imps
  An ooze (D:1)
  3 worms (Lair:3)
  4 leopard geckos
  24 orcs
  4 ball pythons
  11 bats
  7 giant cockroaches
  7 goblins
  6 hobgoblins
  4 jackals
  18 kobolds
  A quokka (D:3)
  11 frilled lizards
  A quokka skeleton (D:8)
  7 rats
  A plant (Lair:3)
366 creatures vanquished.

Vanquished Creatures (others)
  A fungus (Lair:5)
  A plant (Lair:3)
2 creatures vanquished.

Grand Total: 368 creatures vanquished

Notes
Turn   | Place    | Note
-------+----------+-------------------------------------------
     0 | D:1      | leglesslizard the Deep Dwarf Berserker began the quest for the Orb.
     0 | D:1      | Reached XP level 1. HP: 20/20 MP: 1/1
    69 | D:1      | Reached XP level 2. HP: 24/27 MP: 2/2
   311 | D:1      | Reached ** piety under Trog
   458 | D:1      | Reached XP level 3. HP: 28/33 MP: 3/3
   512 | D:2      | Found a stormy altar of Qazlal.
  1322 | D:3      | Noticed Terence
  1327 | D:3      | Killed Terence
  1327 | D:3      | Reached skill level 1 in Short Blades
  1327 | D:3      | Reached XP level 4. HP: 34/42 MP: 4/4
  1354 | D:3      | Found a white marble altar of Elyvilon.
  1365 | D:3      | Found a glowing silver altar of Zin.
  1496 | D:3      | Noticed Leybi's ghost (amateur MfSk)
  1505 | D:3      | Killed Leybi's ghost
  1505 | D:3      | Reached XP level 5. HP: 37/49 MP: 5/5
  1685 | D:3      | Found a sacrificial altar of Ru.
  1776 | D:4      | Noticed an ogre
  1809 | D:4      | Reached skill level 1 in Evocations
  1813 | D:4      | Killed an ogre
  1813 | D:4      | Reached XP level 6. HP: 56/56 MP: 5/7
  1822 | D:4      | Reached *** piety under Trog
  1896 | D:4      | Reached skill level 1 in Stealth
  2042 | D:4      | Reached XP level 7. HP: 57/63 MP: 8/8
  2094 | D:4      | Found a shimmering altar of Xom.
  2215 | D:4      | Found a glowing drain.
  2259 | D:4      | Identified a +0 rod of inaccuracy (11/11) (You found it on level 2 of the Dungeon)
  2266 | Sewer    | Entered a sewer
  2285 | Sewer    | Noticed Purgy
  2292 | Sewer    | Killed Purgy
  2292 | Sewer    | Reached skill level 1 in Shields
  2578 | D:5      | Entered Level 5 of the Dungeon
  2600 | D:5      | Reached skill level 2 in Shields
  2688 | D:5      | Noticed Sigmund
  2695 | D:5      | Killed Sigmund
  2695 | D:5      | Reached skill level 1 in Maces & Flails
  2695 | D:5      | Reached skill level 5 in Armour
  2695 | D:5      | Reached XP level 8. HP: 52/72 MP: 9/9
  2899 | D:5      | Found a blossoming altar of Fedhas.
  2915 | D:5      | Reached skill level 3 in Shields
  2964 | D:5      | Found a sparkling altar of Nemelex Xobeh.
  2994 | D:5      | Reached skill level 1 in Throwing
  3086 | D:5      | Found a staircase to the Ecumenical Temple.
  3278 | D:6      | Noticed Pikel
  3325 | D:6      | Killed Pikel
  3325 | D:6      | Reached skill level 4 in Shields
  3486 | D:6      | Gained mutation: You passively map the area around you. [Deep Dwarf growth]
  3486 | D:6      | Reached XP level 9. HP: 80/80 MP: 10/10
  3730 | D:6      | Reached skill level 5 in Shields
  3833 | D:7      | Found a glowing golden altar of the Shining One.
  3905 | D:7      | Reached skill level 5 in Fighting
  4296 | D:7      | Reached skill level 5 in Maces & Flails
  4344 | D:7      | Found a runed door.
  4348 | D:7      | Noticed Crazy Yiuf
  4354 | D:7      | Killed Crazy Yiuf
  4756 | D:8      | Reached **** piety under Trog
  4790 | D:8      | Noticed Joseph
  4804 | D:8      | Killed Joseph
  4829 | D:8      | Found an iron altar of Okawaru.
  4839 | D:8      | Found a burning altar of Makhleb.
  5027 | D:8      | Reached skill level 6 in Shields
  5208 | D:8      | Paralysed by a hornet for 1 turns
  5342 | D:9      | Noticed McCoppin's ghost (novice OpNe)
  5346 | D:9      | Noticed a lindwurm
  5359 | D:9      | Noticed a lindwurm
  5360 | D:9      | Noticed a lindwurm
  5365 | D:9      | Killed McCoppin's ghost
  5365 | D:9      | Reached XP level 10. HP: 91/91 MP: 11/11
  5440 | D:9      | Found a hide-covered altar of Uskayaw.
  5640 | D:9      | Noticed a white ugly thing
  5651 | D:9      | Killed a white ugly thing
  5761 | D:9      | Found Kyank's Antique Armour Emporium.
  5853 | D:9      | Noticed a lindwurm
  5982 | D:9      | Found an ancient bone altar of Kikubaaqudgha.
  6011 | D:9      | Reached skill level 7 in Shields
  6093 | D:9      | Noticed an orange crystal statue
  6244 | D:9      | Noticed a deep elf mage
  6256 | D:9      | Killed a deep elf mage
  6294 | D:9      | Received a gift from Trog
  6484 | D:9      | Killed a lindwurm
  6493 | D:9      | Killed a lindwurm
  6495 | D:9      | Killed a lindwurm
  6568 | D:9      | Killed a lindwurm
  6568 | D:9      | Reached skill level 8 in Shields
  6568 | D:9      | Reached XP level 11. HP: 50/97 MP: 12/12
  6908 | D:10     | Entered Level 10 of the Dungeon
  7405 | D:10     | Found a staircase to the Lair.
  8320 | Lair:1   | Entered Level 1 of the Lair of Beasts
  8480 | Lair:1   | Reached skill level 9 in Shields
  8811 | Lair:1   | Reached skill level 10 in Shields
  9029 | Lair:1   | Received a gift from Trog
  9612 | Lair:2   | Reached XP level 12. HP: 99/109 MP: 12/12
  9621 | Lair:2   | Reached skill level 10 in Maces & Flails
 10140 | Lair:2   | Found a hole to the Spider Nest.
 10200 | Lair:2   | Got a transparent ring mail
 10890 | Lair:3   | Reached skill level 10 in Armour
 11060 | Lair:3   | Reached skill level 11 in Shields
 11206 | Lair:3   | Found a staircase to the Shoals.
 11283 | Lair:3   | Noticed a five-headed hydra
 11293 | Lair:3   | Killed a five-headed hydra
 11553 | Lair:3   | You fall through a shaft for 2 floors!
 11572 | Lair:5   | Found a viscous altar of Jiyva.
 11572 | Lair:5   | Found a staircase to the Slime Pits.
 11983 | Lair:5   | Noticed a death yak
 12008 | Lair:5   | Killed a death yak
 12008 | Lair:5   | Reached skill level 5 in Long Blades
 12008 | Lair:5   | Reached XP level 13. HP: 85/117 MP: 13/13
 12064 | Lair:5   | Received a gift from Trog
 12138 | Lair:5   | Reached skill level 12 in Shields
 12252 | Lair:5   | Noticed Nessos
 12277 | Lair:5   | Killed Nessos
 12667 | Lair:5   | Reached skill level 5 in Dodging
 12845 | Slime:1  | Entered Level 1 of the Pits of Slime
 12845 | Slime:1  | Noticed an azure jelly
 12845 | Slime:1  | Noticed an acid blob
 12860 | Lair:5   | Slain by an azure jelly

Skill      XL: |  1  2  3  4  5  6  7  8  9 10 11 12 13 |
---------------+----------------------------------------+-----
Fighting       | 3 4 5 6 7 8 |  8.7
Dodging        | 3 4 5 |  5.0
Short Blades   | 1 2 4 |  4.8
Armour         | 3 4 5 6 7 9 10 11 | 11.0
Evocations     | 1 2 3 4 |  4.2
Stealth        | 1 2 |  2.7
Shields        | 2 4 6 8 10 11 12 | 12.2
Maces & Flails | 1 4 6 8 9 10 11 | 11.3
Throwing       | 1 3 4 |  4.2
Long Blades    | 5 |  5.3

Action                   |  1- 3 |  4- 6 |  7- 9 | 10-12 | 13-15 || total
-------------------------+-------+-------+-------+-------+-------++-------
Melee: Falchion          |    20 |       |       |       |       ||    20
       Short sword       |    95 |    76 |    15 |       |       ||   186
       Mace              |       |       |   297 |   832 |   138 ||  1267
       Demon blade       |       |       |       |    95 |       ||    95
Throw: Tomahawk          |       |       |    70 |       |     9 ||    79
       Javelin           |       |       |       |    17 |     5 ||    22
Invok: Trog's Hand       |       |     2 |    13 |    36 |     8 ||    59
       Berserk           |       |     1 |     7 |    12 |     4 ||    24
       Burn Spellbooks   |       |       |       |     1 |       ||     1
 Abil: Device Recharging |       |       |       |     3 |       ||     3
Evoke: Wand              |     4 |     4 |     5 |    38 |     2 ||    53
  Use: Scroll            |     4 |       |     5 |    22 |     1 ||    32
  Eat: Bread ration      |     1 |     1 |     5 |     5 |       ||    12
       Fruit             |       |       |     3 |     3 |     1 ||     7
       Pizza             |       |       |     1 |     1 |     3 ||     5
       Beef jerky        |       |       |     1 |     1 |       ||     2
       Meat ration       |       |       |       |     4 |       ||     4
       Royal jelly       |       |       |       |     1 |     1 ||     2
Armor: Animal skin       |    18 |       |       |       |       ||    18
       Leather armour    |    17 |       |       |       |       ||    17
       Ring mail         |     9 |       |       |       |       ||     9
       Chain mail        |       |    25 |   179 |   168 |       ||   372
       Plate armour      |       |       |       |   390 |   105 ||   495
Dodge: Dodged            |    91 |    17 |   103 |   293 |    65 ||   569
Block: Shield            |       |    17 |   174 |   671 |   143 ||  1005
       Rpst.: Falchion   |     7 |       |       |       |       ||     7
       Demon blade       |       |       |       |    16 |       ||    16
